 Dungeon Crawl Stone Soup version 0.29.0-13-gc9e81de378 (webtiles) character file.

Game seed: 17824156006981885797

2783273 bakla the Grand Master (level 27, 224/224 HPs)
             Began as an Octopode Transmuter on Sept 6, 2022.
             Was the Champion of Wu Jian.
             Escaped with the Orb
             ... and 5 runes on Sept 9, 2022!
             The game lasted 09:05:01 (94141 turns).

bakla the Grand Master (Octopode Transmuter)       Turns: 94141, Time: 09:05:02

Health: 224/224    AC:  1    Str: 14    XL:     27
Magic:  42/49      EV: 44    Int: 43    God:    Wu Jian [******]
Gold:   3799       SH: 42    Dex: 30    Spells: 2/46 levels left

rFire   + . .      SeeInvis +     - Unarmed
rCold   + . .      Faith    .   H - +8 tower shield {rF+}
rNeg    + + +      Spirit   .   f - +0 hat "Gogedac" {Int+4 SInv}
rPois   +          Reflect  +   n - amulet of reflection
rElec   +          Harm     .   I - ring of Imakaana {rPois rN+++ Str-2 Dex+4 SInv}
rCorr   +          Rampage  .   l - ring of resist corrosion
Will    ++++.                   J - +4 ring of evasion
Stlth   ++........              O - ring of the Prince {rPois MP+9 Dex+6}
HPRegen 0.47/turn               Z - ring of Zoemafiu {Will+ Str+6 Int+7}
MPRegen 0.31/turn               V - ring of willpower
                                T - ring of Eroxosma {rElec rC+ Dex+5}
                                N - ring "Riheuwk" {Wiz Int+6}

@: studying 6 skills
A: almost no armour, amphibious, 8 rings, camouflage 1, gelatinous body 1,
(nimble swimmer 1), tentacles, see invisible, high MP 1
0: Orb of Zot
}: 5/15 runes: serpentine, barnacled, slimy, silver, abyssal
a: Renounce Religion, Wall Jump, Serpent's Lash, Heavenly Storm


You escaped.
You worshipped Wu Jian.
Wu Jian was exalted by your worship.
You visited 12 branches of the dungeon, and saw 56 of its levels.
You visited the Abyss 1 time.
You completed 1 ziggurat, and saw 27 of its levels.
You also visited: Sewer and Ossuary.

You collected 10792 gold pieces.
You spent 6993 gold pieces at shops.

Inventory:

Armour
 d - the +0 mask of the Dragon {Will+ Slay+3 SInv}
   (You found it on level 5 of the Vaults)

   Slay:      It affects your accuracy & damage with ranged weapons and melee
   (+3).
   SInv:      It lets you see invisible.
   Will:      It increases your willpower.
 f - the +0 hat "Gogedac" (worn) {Int+4 SInv}
   (You found it on level 3 of the Elven Halls)

   Int:       It affects your intelligence (+4).
   SInv:      It lets you see invisible.
 H - a +8 tower shield of fire resistance (worn)
Jewellery
 c - a ring of flight
 l - a ring of resist corrosion (right tentacle)
 n - an amulet of reflection (around mantle)
 I - the ring of Imakaana (left tentacle) {rPois rN+++ Str-2 Dex+4 SInv}
   (You took it off a deep elf sorcerer on level 3 of the Elven Halls)

   [ring of see invisible]

   Str:       It affects your strength (-2).
   Dex:       It affects your dexterity (+4).
   rPois:     It protects you from poison.
   rN:        It renders you almost immune to negative energy.
   SInv:      It lets you see invisible.
 J - a +4 ring of evasion (on tentacle)
 M - the amulet of Jemovis {+Blink Regen+ rCorr Int+6 Dex-2}
   (You found it on level 15 of a ziggurat)

   [amulet of regeneration]

   Int:       It affects your intelligence (+6).
   Dex:       It affects your dexterity (-2).
   +Blink:    It lets you blink.
   Regen:     It increases your rate of health regeneration.
   rCorr:     It protects you from acid and corrosion.
 N - the ring "Riheuwk" (on tentacle) {Wiz Int+6}
   (You found it on level 10 of a ziggurat)

   [ring of wizardry]

   It improves your spell success rate.
   Int:       It affects your intelligence (+6).
 O - the ring of the Prince (on tentacle) {rPois MP+9 Dex+6}
   (You found it on level 15 of a ziggurat)

   [ring of magical power]

   Dex:       It affects your dexterity (+6).
   rPois:     It protects you from poison.
   MP:        It affects your magic capacity (+9).
 T - the ring of Eroxosma (on tentacle) {rElec rC+ Dex+5}
   (You found it on level 4 of the Shoals)

   [ring of protection from cold]

   Dex:       It affects your dexterity (+5).
   rC:        It protects you from cold.
   rElec:     It insulates you from electricity.
 V - a ring of willpower (on tentacle)
 Z - the ring of Zoemafiu (on tentacle) {Will+ Str+6 Int+7}
   (You found it on level 1 of the Elven Halls)

   [ring of willpower]

   Str:       It affects your strength (+6).
   Int:       It affects your intelligence (+7).
   Will:      It increases your willpower.
Wands
 a - a wand of mindburst (28)
 t - a wand of acid (21)
 y - a wand of charming (63)
 B - a wand of digging (8)
 E - a wand of flame (60)
 P - a wand of iceblast (48)
Scrolls
 e - 7 scrolls of blinking
 h - 21 scrolls of magic mapping
 i - 16 scrolls of fog
 r - 14 scrolls of silence
 s - 17 scrolls of immolation
 x - 4 scrolls of brand weapon
 C - 10 scrolls of fear
 G - 34 scrolls of teleportation
 Q - 3 scrolls of enchant armour
 S - 7 scrolls of poison
 U - 2 scrolls of summoning
 Y - 7 scrolls of amnesia
Potions
 b - 12 potions of brilliance
 k - 15 potions of flight
 m - 10 potions of berserk rage
 u - a potion of magic
 v - 3 potions of invisibility
 z - 21 potions of curing
 A - 2 potions of resistance
 D - 4 potions of might
 F - 18 potions of mutation
 L - a potion of heal wounds
 R - 3 potions of cancellation
Miscellaneous
 o - a phial of floods
 p - a +1 figurine of a ziggurat
 q - a phantom mirror
 W - a box of beasts
 X - a tin of tremorstones (2/2)


   Skills:
 O Level 27 Fighting
 + Level 23.4 Dodging
 + Level 5.8 Stealth
 O Level 27 Shields
 O Level 27 Unarmed Combat
 - Level 10.0 Spellcasting
 - Level 24.0 Summonings
 - Level 16.0 Transmutations
 - Level 11.0 Ice Magic
 - Level 13.0 Earth Magic
 - Level 3.0 Poison Magic
 - Level 10.0 Evocations


You had 2 spell levels left.
You knew the following spells:

 Your Spells              Type           Power      Damage    Failure   Level
a - Beastly Appendage     Tmut           100%       N/A       0%          1
b - Dragon's Call         Summ           61%        N/A       3%          9
c - Summon Lightning Spi  Summ/Air       90%        N/A       1%          4
d - Summon Hydra          Summ           61%        N/A       1%          7
f - Ozocubu's Armour      Ice            86%        N/A       1%          3
g - Statue Form           Tmut/Erth      65%        N/A       1%          6
h - Alistair's Intoxicat  Tmut/Pois      53%        N/A       1%          5
i - Passwall              Tmut/Erth      81%        N/A       0%          2
j - Dragon Form           Tmut           51%        N/A       1%          7

Your spell library contained the following spells:

 Spells                   Type           Power      Damage    Failure   Level
 Freeze                   Ice            100%       1d11      0%          1
 Sandblast                Erth           100%       2d20      0%          1
 Summon Small Mammal      Summ           100%       N/A       0%          1
 Call Imp                 Summ           100%       N/A       0%          2
 Wereblood                Tmut           100%       N/A       0%          2
 Foxfire                  Conj/Fire      84%        2x1d8     1%          1
 Magic Dart               Conj           84%        1d7       1%          1
 Necrotise                Necr           84%        1d8       1%          1
 Shock                    Conj/Air       84%        1d8       1%          1
 Sting                    Tmut/Pois      100%       1d8       1%          1
 Blink                    Tloc           42%        N/A       1%          2
 Ensorcelled Hibernation  Hex/Ice        100%       N/A       1%          2
 Poisonous Vapours        Pois/Air       68%        N/A       1%          2
 Searing Ray              Conj           42%        2d6       1%          2
 Static Discharge         Conj/Air       21%        3-6/arc   1%          2
 Sublimation of Blood     Necr           21%        N/A       1%          2
 Call Canine Familiar     Summ           100%       N/A       0%          3
 Summon Ice Beast         Ice/Summ       100%       N/A       0%          4
 Summon Cactus Giant      Summ           61%        N/A       0%          6
 Confusing Touch          Hex            21%        N/A       1%          3
 Conjure Flame            Conj/Fire      21%        6-21      1%          3
 Dazzling Flash           Conj/Hex       42%        N/A       1%          3
 Frozen Ramparts          Ice            100%       1d16      1%          3
 Gell's Gravitas          Tloc           21%        N/A       1%          3
 Ignite Poison            Fire/Tmut/Pois 66%        N/A       1%          3
 Inner Flame              Hex/Fire       21%        N/A       1%          3
 Lesser Beckoning         Tloc           21%        N/A       1%          3
 Mephitic Cloud           Conj/Pois/Air  30%        N/A       1%          3
 Portal Projectile        Hex/Tloc       42%        N/A       1%          3
 Spider Form              Tmut/Pois      80%        N/A       1%          3
 Stone Arrow              Conj/Erth      100%       3d13      1%          3
 Summon Guardian Golem    Hex/Summ       90%        N/A       1%          3
 Swiftness                Air            21%        N/A       1%          3
 Teleport Other           Tloc           21%        N/A       1%          3
 Tukima's Dance           Hex            21%        N/A       1%          3
 Vampiric Draining        Necr           21%        2d7       1%          3
 Hailstorm                Conj/Ice       62%        3d13      1%          4
 Ice Form                 Ice/Tmut       95%        N/A       1%          4
 Leda's Liquefaction      Hex/Erth       33%        N/A       1%          4
 Olgreb's Toxic Radiance  Pois           47%        N/A       1%          4
 Petrify                  Tmut/Erth      98%        N/A       1%          4
 Blade Hands              Tmut           51%        N/A       1%          5
 Borgnjor's Vile Clutch   Necr/Erth      33%        N/A       1%          5
 Irradiate                Conj/Tmut      37%        3d24      1%          5
 Lee's Rapid Deconstruct  Erth           46%        3d23*     1%          5
 Metabolic Englaciation   Hex/Ice        31%        N/A       1%          5
 Summon Forest            Summ/Tloc      45%        N/A       1%          5
 Summon Mana Viper        Hex/Summ       90%        N/A       1%          5
 Yara's Violent Unravell  Hex/Tmut       37%        3d15      1%          5
 Eringya's Noxious Bog    Tmut/Pois      40%        N/A       1%          6
 Freezing Cloud           Conj/Ice/Air   26%        6-21      3%          5
 Haunt                    Necr/Summ      45%        N/A       3%          7
 Malign Gateway           Summ/Tloc      45%        N/A       3%          7
 Spellforged Servitor     Conj/Summ      45%        N/A       3%          7
 Corpse Rot               Necr/Pois/Air  30%        N/A       4%          4
 Airstrike                Air            10%        2d(2-18)  6%          4
 Anguish                  Hex/Necr       10%        N/A       6%          4
 Animate Dead             Necr           21%        N/A       6%          4
 Cause Fear               Hex            10%        N/A       6%          4
 Dispel Undead            Necr           21%        3d11      6%          4
 Flame Wave               Conj/Fire      21%        2d8       6%          4
 Fulminant Prism          Conj/Hex       10%        3d9       6%          4
 Passage of Golubria      Tloc           21%        N/A       6%          4
 Sticky Flame             Conj/Fire      21%        2d4       6%          4
 Iron Shot                Conj/Erth      33%        9d7       6%          6
 Simulacrum               Ice/Necr       31%        N/A       9%          6
 Agony                    Necr           21%        N/A       16%         5
 Fireball                 Conj/Fire      10%        3d6       16%         5
 Iskenderun's Battlesphe  Conj           21%        2d7       16%         5
 Lightning Bolt           Conj/Air       10%        1d23      16%         5
 Manifold Assault         Tloc           21%        N/A       16%         5
 Silence                  Hex/Air        10%        N/A       16%         5
 Storm Form               Tmut/Air       37%        N/A       17%         7
 Conjure Ball Lightning   Conj/Air       10%        3x3d6     61%         6
 Death Channel            Necr           10%        N/A       61%         6
 Starburst                Conj/Fire      10%        6d5       61%         6
 Necromutation            Tmut/Necr      37%        N/A       77%         8
 Lehudib's Crystal Spear  Conj/Erth      33%        10d9      92%         8
 Shatter                  Erth           46%        3d36*     93%         9
 Enfeeble                 Hex            10%        N/A       99%         7
 Orb of Destruction       Conj           10%        9d6       99%         7
 Polar Vortex             Ice            43%        N/A       99%         9
 Borgnjor's Revivificati  Necr           10%        N/A       100%        8
 Discord                  Hex            10%        N/A       100%        8
 Ignition                 Fire           10%        3d5       100%        8
 Infestation              Necr           10%        N/A       100%        8
 Maxwell's Capacitive Co  Air            10%        ∞         100%        8
 Chain Lightning          Conj/Air       10%        3d14      100%        9
 Death's Door             Necr           10%        N/A       100%        9
 Fire Storm               Conj/Fire      10%        8d3       100%        9
 Animate Armour           Summ/Erth      Unusable   N/A       N/A         4

Dungeon Overview and Level Annotations

Branches:
Dungeon (15/15)            Temple (1/1) D:6            Lair (5/5) D:10
 Shoals (4/4) Lair:2        Snake (4/4) Lair:2        Slime (5/5) Lair:5
    Orc (2/2) D:10            Elf (3/3) Orc:2        Vaults (5/5) D:14
  Crypt (3/3) Vaults:3       Tomb (0/3) Crypt:3      Depths (4/4) D:15
    Zot (5/5) Depths:4      Sewer (visited)         Ossuary (visited)

Altars:
Ashenzari
Cheibriados
Dithmenos
Elyvilon
Fedhas
Gozag
Hepliaklqana
Kikubaaqudgha
Makhleb
Nemelex Xobeh
Okawaru
Qazlal
Ru
Sif Muna
Trog
Uskayaw
Vehumet
Wu Jian
Xom
Yredelemnul
Zin
The Shining One
Jiyva
Lugonu

Shops:
D:8 =   D:13 (   Orc:2 ::*[!   Elf:2 !   Shoals:1 *[*([   Vaults:5 !
Depths:1 ?   Depths:2 ?[:   Depths:3 =

Portals:
Hell: Depths:1 Depths:2 Depths:3 Depths:4
Abyss: Depths:2 Depths:3
Pandemonium: Depths:1 Depths:2

Annotations:
D:12 Gastronok
Shoals:4 exclusion: oklob plant
Snake:2 1 runed translucent door, Roxanne; Smee's ghost, adept MiFi
Vaults:2 3 runed translucent doors, Eldin's ghost, veteran DEHW
Crypt:2 2 transporters, Ciwiv's ghost, veteran FoFi; Fainec's ghost, veteran GrEE; Osipn's ghost, veteran MiGl
Depths:2 1 transporter
Depths:4 exclusion: orange crystal statue


Innate Abilities, Weirdness & Mutations

You cannot wear most types of armour.
You are amphibious.
You can wear up to eight rings at the same time.
Your skin changes colour to match your surroundings (Stealth+).
Your rubbery body absorbs attacks. (AC +1, EV +1)
((You are camouflaged when in or above water. (Stealth+)))
You have tentacles for arms and can constrict up to eight enemies at once.
You have supernaturally acute eyesight. (SInv)
You have an increased reservoir of magic. (+10% MP)


Message History

Your tentacle-slap misses the cacodemon.
The cacodemon is severely wounded.
The cacodemon gestures at you. The bolt of energy misses you.
Your four-headed hydra bites the cacodemon but does no damage.
Your four-headed hydra bites the cacodemon!
Your four-headed hydra bites the cacodemon but does no damage. x2
You barely miss the cacodemon.
You squeeze the cacodemon, but do no damage.
The cacodemon is severely wounded.
You barely miss the cacodemon. Your squeeze misses the cacodemon.
The cacodemon is severely wounded.
Your four-headed hydra bites the cacodemon but does no damage. x2
Your four-headed hydra bites the cacodemon!
Your four-headed hydra bites the cacodemon.
You block the cacodemon's attack. x2
You tentacle-slap the cacodemon but do no damage.
You squeeze the cacodemon!
The cacodemon is almost dead.
You bludgeon the cacodemon!
You kill the cacodemon!
The Council accepts your kill.
You start resting.
Your four-headed hydra disappears in a puff of smoke!
Magic restored.
You start waiting.
A sixfirhy comes into view.
Casting: Summon Hydra (safe; 1% risk of failure)
Confirm with . or Enter, or press ? or * to list all spells.
An eight-headed hydra appears.
You block the sixfirhy's attack. x2
You thrash the sixfirhy!!! Your grab misses the sixfirhy.
You tentacle-slap the sixfirhy.
You kill the sixfirhy!
The Council accepts your kill.
You hear a shout!
Unknown command.
You can't go down here!
The sphere of damnation explodes!
The damnation engulfs your eight-headed hydra!
You have escaped!

####.#.#.#.............###
#.##.#.#.#.#########.#####
#....#.......# ##.####
#.######.#...## ###.####
#.# #.#.######.#.#.# #.#
#.....#####.#.#
#.#######..##..###..###
#...........###D.~~##∩#
#########.#..#@##~~.3###
#.#..####.###..#####
#.#..####.#####....####
#.#..###.#.#######.....
#.#..###.### ### ######
#...###.## ### ##.####.#
### #..#...# ## ##)..###


You could see a friendly eight-headed hydra (summoned).

Vanquished Creatures
  the Royal Jelly (Slime:5)
  7 dread liches
  5 ancient liches
  4 orbs of fire
  6 juggernauts
  12 royal mummies
  Vv (Depths:2)
  4 Killer Klowns
  Boris (Depths:4)
  Vashnia (Snake:2)
  A shard shrike (Zig:24)
  Saint Roka (Snake:2)
  Xtahua (Crypt:2)
  2 curse toes
  6 caustic shrikes
  9 golden dragons
  A profane servitor (Zig:25)
  Jory (Depths:4)
  2 bone dragons
  3 doom hounds (Crypt:2)
  2 electric golems
  7 Brimstone Fiends (Zig:27)
  A Tzitzimitl (D:1)
  16 tentacled monstrosities
  9 searing wretches (Zig:27)
  7 hellephants (Zig:27)
  6 Ice Fiends (Zig:24)
  A walking crystal tome (Depths:3)
  12 nameless horrors
  The ghost of Aral the Warrior, an adept MiBe of Trog (Shoals:3)
  12 liches
  3 titans
  Grunn (Crypt:2)
  Zenata (Vaults:2)
  15 deep elf master archers
  15 Orb Guardians
  6 quicksilver dragons
  15 acid blobs
  11 deep elf blademasters
  6 tentacled starspawn
  6 sphinxes
  2 krakens (Shoals:3)
  5 death cobs
  7 ancient champions
  An Executioner (Abyss:3)
  14 shadow dragons
  11 storm dragons
  3 draconian monks
  Kirke (Lair:4)
  13 revenants
  11 nagarajas
  14 azure jellies
  4 tengu reavers
  14 rockslimes
  9 orc warlords
  8 draconian knights
  6 deep elf sorcerers
  4 cacodemons
  11 narguns (Zig:24)
  7 draconian scorchers
  6 frost giants
  5 iron dragons
  10 fire giants
  15 vault wardens
  A deep elf elementalist (Elf:3)
  6 emperor scorpions
  Louise (Elf:3)
  13 balrugs (Zig:27)
  9 draconian shifters
  5 draconian stormcallers
  6 ghost moths
  6 curse skulls
  18 ironbound preservers
  A caustic shrike zombie (Zig:26)
  10 quicksilver oozes
  4 draconian annihilators
  4 reapers
  7 ghouls
  36 very ugly things
  6 war gargoyles
  12 stone giants
  3 spriggan defenders
  14 ironbound thunderhulks
  A juggernaut skeleton (Abyss:3)
  A lorocyproca (Depths:3)
  A rockslime zombie (Crypt:1)
  9 bennus
  5 deep elf demonologists
  8 green draconians
  12 vampire knights
  2 putrid mouths (Crypt:2)
  10 wendigos (Zig:24)
  2 bunyips (Abyss:3)
  10 black draconians
  An eleionoma (shapeshifter) (Zig:5)
  16 deep elf annihilators
  10 purple draconians
  9 red draconians
  9 entropy weavers
  17 spark wasps
  2 blizzard demons
  9 dire elephants
  9 white draconians
  8 yellow draconians
  A green death (Abyss:3)
  13 ettins
  11 deep elf death magi
  7 eidola
  An iron golem (Zig:3)
  11 merfolk impalers
  2 quicksilver dragon zombies
  6 jiangshi
  4 crystal guardians
  4 mummy priests
  A fire dragon (shapeshifter) (Depths:4)
  5 merfolk javelineers
  3 fire dragons
  9 deep elf high priests
  16 yaktaur captains
  11 great orbs of eyes
  A peacekeeper (Vaults:3)
  17 salamander tyrants
  2 spriggan zombies
  3 rakshasas
  Harold (Lair:1)
  10 anacondas
  A spriggan air mage (Depths:4)
  5 hydras
  An ogre mage (Vaults:5)
  2 alligator snapping turtles (Shoals:3)
  2 radroaches (Zig:22)
  5 boulder beetles
  3 spriggan skeletons
  5 ice dragons
  10 naga warriors
  32 vault guards
  22 centaur warriors
  A jorogumo (Zig:22)
  10 merfolk avatars
  5 satyrs
  A death knight (Crypt:1)
  9 death yaks (Lair:5)
  7 ironbound frosthearts
  10 two-headed ogres
  15 merfolk aquamancers
  4 death scarabs
  37 dancing weapons
  10 deep troll earth magi
  6 deep troll shamans
  2 tengu warriors
  9 thrashing horrors (Abyss:3)
  4 hell hogs
  8 orc high priests
  17 hell knights
  12 shock serpents
  Urug (D:10)
  15 vampire magi
  23 naga sharpshooters
  4 spriggan berserkers (Depths:4)
  3 sun demons
  An emperor scorpion zombie (Crypt:2)
  3 spriggans (Depths:4)
  A titan zombie (Crypt:3)
  5 wretched stars
  A titan skeleton (Zig:9)
  26 deep elf knights
  5 shadow wraiths
  16 iron trolls
  A sixfirhy (D:1)
  4 soul eaters
  Lodul (D:14)
  A bunyip zombie (Crypt:3)
  A pharaoh ant (Zig:22)
  3 goliath frogs
  A steelbarb worm (Zig:22)
  18 skeletal warriors
  11 sea snakes
  A death drake (shapeshifter) (Depths:2)
  8 salamander mystics
  A spark wasp zombie (Zig:9)
  A bog body (Crypt:1)
  A shadow demon (Depths:2)
  An orb spider (shapeshifter) (Vaults:4)
  8 flayed ghosts
  2 obsidian statues (Zig:3)
  6 glowing orange brains
  11 wizards
  6 naga ritualists
  An iron giant zombie (Crypt:1)
  69 deep trolls
  An iron giant skeleton (Crypt:3)
  5 orb spiders (Zig:22)
  2 orange crystal statues
  13 necromancers
  Pikel (D:4)
  24 lindwurms
  30 harpies
  A harpy (shapeshifter) (Depths:3)
  3 oklob plants (Zig:26)
  12 phantasmal warriors
  2 golden dragon skeletons
  19 ironbound convokers
  34 deep elf pyromancers
  6 orc knights
  A mana viper (shapeshifter) (Vaults:2)
  An iron dragon zombie (Crypt:3)
  23 deep elf archers
  2 wolf spiders (Zig:22)
  A stone giant zombie (Vaults:2)
  39 deep elf zephyrmancers
  18 manticores
  The ghost of GloriousHammer the Nimble, a novice FeSu of Gozag (D:11)
  8 orc sorcerers
  3 cyclopes
  A frost giant zombie (Crypt:1)
  12 mana vipers
  22 fauns
  10 shining eyes
  43 ugly things
  15 salamanders
  An iron dragon skeleton (Crypt:3)
  An elephant (shapeshifter) (Vaults:4)
  A stone giant skeleton (Crypt:1)
  Maurice (Orc:1)
  20 moths of wrath
  A titan simulacrum (Zig:24)
  9 merfolk sirens
  12 naga magi
  A rust devil (Depths:2)
  7 eyes of devastation
  19 elephants
  10 guardian serpents
  16 vault sentinels
  An orange demon (Abyss:2)
  3 apocalypse crabs
  43 black mambas
  17 water nymphs
  4 smoke demons
  A centaur skeleton (Crypt:2)
  3 torpor snails
  A black mamba (shapeshifter) (Zig:18)
  A gargoyle (D:12)
  14 cane toads
  A catoblepas zombie (Crypt:2)
  3 unseen horrors
  7 hellions
  A naga skeleton (Crypt:3)
  2 efreet
  A rime drake (Lair:2)
  3 freezing wraiths
  4 kobold demonologists
  8 komodo dragons
  34 yaktaurs
  3 demonic crawlers (Zig:22)
  11 guardian mummies (Zig:26)
  2 ice devils
  2 human skeletons
  4 tormentors
  7 ancient zymes
  A grey draconian skeleton (Crypt:2)
  3 tengu conjurers
  A catoblepas skeleton (Crypt:1)
  3 hellwings (Abyss:3)
  3 meliai (D:13)
  2 meliai (shapeshifter)
  14 trolls
  9 wind drakes
  2 polar bears (Lair:5)
  A tyrant leech (shapeshifter) (Vaults:5)
  Grinder (D:4)
  A tarantella (shapeshifter) (Vaults:5)
  2 tarantellas (Zig:22)
  48 merfolk
  A tengu simulacrum (Zig:24)
  19 blink frogs
  Prince Ribbit (D:7)
  A dream sheep (shapeshifter) (Depths:2)
  3 hornets (Depths:4)
  2 ettin zombies
  2 harpy skeletons (Crypt:3)
  102 slime creatures
  2 tyrant leeches (Lair:5)
  12 dream sheep
  A raiju (Abyss:3)
  11 large abominations
  Sigmund (D:3)
  12 starcursed masses
  3 jumping spiders (Zig:22)
  A merfolk skeleton (Crypt:1)
  5 air elementals
  9 snapping turtles
  39 flying skulls
  2 vampires
  5 shadows
  A centaur simulacrum (D:11)
  2 culicivoras
  32 yaks
  3 fire bats (Abyss:3)
  3 ynoxinuls
  11 humans (D:14)
  8 wraiths
  A wind drake zombie (Crypt:2)
  8 wyverns
  20 water elementals
  A naga simulacrum (Crypt:2)
  2 ushabtiu (Zig:26)
  4 hogs (Lair:4)
  12 golden eyes
  11 small abominations
  3 steam dragons (D:9)
  5 fire elementals
  6 redbacks
  5 basilisks
  3 neqoxecs (Abyss:3)
  10 vampire mosquitoes
  2 chaos spawn
  6 wargs
  Edmund (D:4)
  A glowing shapeshifter zombie (Crypt:1)
  A spatial vortex (Abyss:2)
  A fire bat zombie (Crypt:1)
  2 acid dragons
  21 nagas
  15 water moccasins
  Duvessa (D:5)
  2 floating eyes
  5 hell hounds (Abyss:2)
  A fire bat skeleton (Crypt:1)
  A glowing shapeshifter skeleton (Zig:26)
  An ogre skeleton (Vaults:3)
  39 orc warriors
  4 ice beasts
  2 black bears
  An elephant zombie (Crypt:1)
  3 sky beasts (D:9)
  9 boggarts
  A black mamba simulacrum (Crypt:2)
  A dream sheep zombie (Crypt:2)
  6 wolves (Lair:2)
  14 ogres
  11 centaurs
  6 kobold brigands
  A lemure (D:4)
  A phantom (D:5)
  6 elf zombies (Elf:1)
  25 bullfrogs
  5 earth elementals
  4 necrophages (Crypt:3)
  A draconian skeleton (Crypt:2)
  5 wights (D:9)
  Dowan (D:5)
  23 killer bees
  3 quasits (Abyss:2)
  A hound (D:5)
  5 iron imps
  17 orc priests
  6 jellies
  Crazy Yiuf (D:3)
  A gnoll bouda (D:5)
  5 iguanas
  27 orc wizards
  Natasha (thrice) (D:2)
  An ogre zombie (Crypt:2)
  6 mummies
  11 gnolls
  11 adders
  A shadow imp (D:6)
  2 white imps
  2 ufetubi
  A worm (D:2)
  3 dart slugs
  86 orcs
  10 bats
  A bat skeleton (Crypt:2)
  8 endoplasms
  3 giant cockroaches
  7 goblins
  8 hobgoblins
  3 quokkas (D:3)
  9 ball pythons
  3 frilled lizards
  8 gnoll skeletons (Ossuary)
  A goblin zombie (D:4)
  A hobgoblin skeleton (Crypt:2)
  29 kobolds
  5 kobold skeletons (Ossuary)
  12 orc skeletons (Ossuary)
  4 rats
  A rat zombie (D:4)
  A butterfly (Lair:2)
  3 starspawn tentacles (Abyss:3)
  A tentacle (Shoals:3)
3021 creatures vanquished.

Vanquished Creatures (collateral kills)
  Tiamat (Zot:2)
  An orb of fire (Zot:2)
  An ancient lich (Zig:25)
  2 juggernauts (Zig:20)
  A royal mummy (Zig:26)
  A pandemonium lord (Zig:5)
  A shard shrike (Zig:24)
  2 Killer Klowns (Zot:5)
  2 golden dragons
  An electric golem (Zot:5)
  An Ice Fiend (Zig:24)
  6 tentacled monstrosities
  5 hellephants (Zig:27)
  A searing wretch (Zig:27)
  A deep elf blademaster (Zig:23)
  A lich (Zig:25)
  9 acid blobs
  12 Orb Guardians (Zot:5)
  3 quicksilver dragons
  2 deep elf master archers
  An Executioner (Abyss:3)
  A quicksilver dragon (shapeshifter) (Zig:5)
  3 ancient champions
  4 death cobs
  2 draconian monks
  A tengu reaver (Vaults:5)
  5 nagarajas
  2 storm dragons
  A nargun (Zig:24)
  3 revenants
  6 rockslimes
  5 azure jellies
  4 draconian knights
  3 vault wardens (Vaults:5)
  2 orc warlords (Zig:20)
  2 draconian shifters
  A deep elf sorcerer (Zig:18)
  7 draconian scorchers
  7 balrugs (Zig:27)
  A curse skull (Zig:11)
  A juggernaut zombie (Zig:26)
  8 draconian annihilators
  2 draconian stormcallers (Zot:3)
  A deep elf elementalist (Zig:23)
  2 ironbound preservers (Vaults:5)
  10 quicksilver oozes
  A stone giant (Zig:20)
  A bennu (Zig:9)
  A deep elf demonologist (Zig:10)
  3 green draconians
  A vampire knight (Zig:11)
  6 white draconians
  5 purple draconians
  2 spark wasps (Zig:22)
  A wendigo (Zig:24)
  An entropy weaver (Zig:22)
  9 black draconians
  7 yellow draconians
  7 red draconians
  A blizzard demon (Zig:24)
  An eidolon (Zig:25)
  3 merfolk javelineers
  A yaktaur captain (Vaults:5)
  An ettin (Vaults:5)
  4 merfolk impalers
  3 great orbs of eyes
  3 mummy priests (Zig:26)
  6 deep elf high priests
  2 salamander tyrants (Zig:21)
  3 vault guards (Vaults:5)
  2 merfolk avatars (Zig:16)
  An ogre mage (Vaults:5)
  4 anacondas
  2 alligator snapping turtles
  2 merfolk aquamancers (Zig:15)
  A death scarab (Zig:9)
  5 dancing weapons
  A vampire mage (Zig:25)
  A two-headed ogre (Vaults:5)
  A naga warrior (Zig:13)
  A deep troll earth mage (Vaults:5)
  3 naga sharpshooters
  4 deep elf knights
  3 shock serpents
  A pharaoh ant (Zig:22)
  9 deep trolls (Vaults:5)
  4 salamander mystics
  A sixfirhy (D:1)
  A steelbarb worm (Zig:22)
  A naga ritualist (Zig:13)
  4 sea snakes
  A flayed ghost (Zig:25)
  An orange crystal statue (Zig:1)
  2 starcursed masses (Abyss:3)
  2 glowing orange brains (Zig:17)
  2 obsidian statues
  4 harpies
  A deep elf archer (Zig:23)
  5 deep elf pyromancers
  9 deep elf zephyrmancers
  2 mana vipers
  A faun (Zig:16)
  An ugly thing (Zig:5)
  An orc knight (Vaults:5)
  A cyclops (Zig:16)
  2 orc sorcerers (Zig:20)
  2 wolf spiders (Zig:22)
  A worldbinder (Abyss:3)
  A salamander (Zig:8)
  7 shining eyes
  A guardian serpent (Zig:13)
  6 manticores
  11 moths of wrath
  A frost giant skeleton (Zig:9)
  3 merfolk sirens (Zig:16)
  7 black mambas
  3 naga magi
  5 water nymphs
  A cane toad (shapeshifter) (Zig:5)
  An ice statue (Zig:1)
  2 hellions (Zig:24)
  2 eyes of devastation
  A freezing wraith (Zig:24)
  A tormentor (Zig:27)
  An ancient zyme (Abyss:3)
  A yaktaur (Vaults:5)
  3 guardian mummies (Zig:26)
  A wind drake (Zig:15)
  14 merfolk
  A troll (Zig:20)
  A nameless horror (Zot:5)
  13 slime creatures
  A tarantella (Zig:22)
  2 snapping turtles (Zig:15)
  5 flying skulls (Zig:26)
  An air elemental (Zig:23)
  5 water elementals
  A golden eye (Zig:14)
  A fire elemental (Zig:23)
  A redback (Zig:22)
  3 nagas
  4 orc warriors
  4 ogres
  2 earth elementals
  10 mummies
  An orc (Vaults:5)
431 creatures vanquished.

Vanquished Creatures (others)
  An azure jelly (Zig:24)
  A naga warrior (Snake:2)
  A vampire mage (Vaults:3)
  A naga sharpshooter (Snake:2)
  3 deep elf knights
  A sea snake (Shoals:4)
  A wizard (D:15)
  A deep elf zephyrmancer (Zig:23)
  An oklob plant (Zig:26)
  A salamander (Snake:2)
  A jumping spider (Zig:22)
  2 humans
  2 nagas
  An ogre (Vaults:5)
  An orc priest (Orc:2)
  An orc wizard (Orc:2)
  An orc (Orc:2)
  A bush (Abyss:3)
  59 fungi
  A lurking horror (Abyss:3)
  242 plants
  16 starspawn tentacles (Abyss:3)
  8 tentacles (Shoals:3)
348 creatures vanquished.

Grand Total: 3800 creatures vanquished

Notes
Turn   | Place    | Note
-------+----------+-------------------------------------------
     0 | D:1      | bakla the Octopode Transmuter began the quest for the Orb.
     0 | D:1      | Reached XP level 1. HP: 13/13 MP: 3/3
   262 | D:1      | Reached XP level 2. HP: 18/18 MP: 5/5
  1418 | D:2      | Reached XP level 3. HP: 12/24 MP: 6/6
  1675 | D:2      | Noticed Natasha
  1682 | D:2      | Killed Natasha
  1683 | D:2      | Reached XP level 4. HP: 21/29 MP: 7/7
  1742 | D:2      | Noticed Natasha
  1751 | D:2      | Killed Natasha
  1760 | D:2      | Noticed Natasha
  1775 | D:2      | Killed Natasha
  1845 | D:2      | Reached XP level 5. HP: 32/35 MP: 6/8
  2602 | D:3      | Noticed Sigmund
  2635 | D:3      | Found a runed translucent door.
  2636 | D:3      | Noticed Crazy Yiuf
  3039 | D:4      | Found a sand-covered staircase.
  3053 | Ossuary  | Entered an ossuary
  3053 | Ossuary  | Noticed a wraith
  3053 | Ossuary  | Noticed a wraith
  3053 | Ossuary  | Noticed a wraith
  3063 | Ossuary  | Learned a level 2 spell: Wereblood
  3216 | Ossuary  | Noticed a wraith
  3318 | D:4      | Noticed Grinder
  3341 | D:4      | Noticed Edmund
  3352 | D:5      | Entered Level 5 of the Dungeon
  3408 | D:5      | Reached XP level 6. HP: 39/43 MP: 7/9
  3551 | D:5      | Noticed an ice beast
  3582 | D:5      | Found a glowing drain.
  3587 | Sewer    | Entered a sewer
  3616 | Sewer    | Noticed a water moccasin
  3628 | Sewer    | Killed a water moccasin
  3684 | Sewer    | Identified the +3 flail of the Morning {freeze, rElec rPois
                  | rF+ Str+3}
  3819 | D:5      | Learned a level 3 spell: Spider Form
  3837 | D:4      | Found a stormy altar of Qazlal.
  3882 | D:4      | Reached XP level 7. HP: 46/48 MP: 10/10
  4323 | D:4      | Paralysed by Grinder for 4 turns
  4328 | D:4      | Killed Grinder
  4329 | D:4      | Reached skill level 5 in Transmutations
  4560 | D:4      | Reached skill level 5 in Fighting
  4565 | D:4      | Noticed Pikel
  4884 | D:5      | Reached skill level 1 in Stealth
  5089 | D:5      | Found a shimmering altar of Xom.
  5090 | D:5      | Noticed Duvessa
  5097 | D:5      | Noticed Dowan
  5113 | D:5      | Killed Duvessa
  5114 | D:5      | Reached XP level 8. HP: 32/55 MP: 9/11
  5133 | D:5      | Killed Dowan
  5134 | D:5      | Reached skill level 5 in Unarmed Combat
  5605 | D:5      | Reached skill level 5 in Dodging
  6042 | D:4      | Killed Pikel
  6043 | D:4      | Reached XP level 9. HP: 31/61 MP: 12/12
  6492 | D:4      | Killed Edmund
  6759 | D:3      | Killed Crazy Yiuf
  7199 | D:6      | Found a shadowy altar of Dithmenos.
  7275 | D:6      | Identified the +2 trident "Kuufa" {vorpal, rF++ rC+ rCorr}
  7334 | D:6      | Found a staircase to the Ecumenical Temple.
  7385 | Temple   | Entered the Ecumenical Temple
  7451 | D:6      | Found an iron altar of Okawaru.
  8531 | D:7      | Noticed Prince Ribbit
  8562 | D:7      | You fall into a shaft and drop 2 floors!
  8753 | D:8      | Reached XP level 10. HP: 53/71 MP: 14/16
  8943 | D:6      | Reached skill level 1 in Poison Magic
  9489 | D:7      | Found a glowing silver altar of Zin.
  9489 | D:7      | Found a glowing golden altar of the Shining One.
  9489 | D:7      | Found a white marble altar of Elyvilon.
 10053 | D:7      | Killed Prince Ribbit
 10240 | D:8      | Identified the +6 short sword of Terra Cotta {pain, Will+
                  | rCorr Str-4}
 10282 | D:8      | Found Jibbeng's Jewellery Boutique.
 11233 | D:9      | Found a snail-covered altar of Cheibriados.
 12069 | D:9      | Noticed a two-headed ogre
 12089 | D:9      | Found a radiant altar of Vehumet.
 12160 | D:9      | Noticed a two-headed ogre
 12178 | D:9      | Killed a two-headed ogre
 12179 | D:9      | Reached XP level 11. HP: 80/80 MP: 14/17
 12288 | D:9      | Found an ornate altar of the Wu Jian Council.
 12297 | D:9      | Became a worshipper of the Wu Jian Council
 13265 | D:9      | Killed a two-headed ogre
 13408 | D:10     | Entered Level 10 of the Dungeon
 13423 | D:10     | Found a sparkling altar of Nemelex Xobeh.
 13674 | D:8      | Bought a +4 ring of evasion for 504 gold pieces
 13943 | D:10     | Reached skill level 10 in Fighting
 13943 | D:10     | Reached skill level 10 in Unarmed Combat
 14145 | D:10     | Found a staircase to the Lair.
 14161 | D:10     | Found a staircase to the Orcish Mines.
 14194 | D:10     | Reached * piety under Wu Jian
 14323 | D:10     | Noticed Urug
 14421 | D:9      | Learned a level 4 spell: Ice Form
 14425 | D:9      | Learned a level 3 spell: Mephitic Cloud
 14461 | D:10     | Killed Urug
 14709 | D:10     | Found a sacrificial altar of Ru.
 14845 | D:10     | Noticed a two-headed ogre
 14860 | D:10     | Killed a two-headed ogre
 15157 | D:10     | Learned a level 3 spell: Ozocubu's Armour
 15416 | D:11     | Noticed a red ugly thing
 15466 | D:11     | Found a runed translucent gate.
 15466 | D:11     | Found a runed translucent gate.
 15466 | D:11     | Found a runed translucent gate.
 15466 | D:11     | Noticed GloriousHammer's ghost (novice FeSu)
 15467 | D:11     | Found a viscous altar of Jiyva.
 15554 | D:11     | Reached skill level 1 in Ice Magic
 15662 | D:11     | Noticed a two-headed ogre
 15685 | D:11     | Killed a red ugly thing
 15721 | D:11     | Killed a two-headed ogre
 15722 | D:11     | Reached XP level 12. HP: 87/87 MP: 16/18
 15891 | D:11     | Noticed a centaur warrior
 15914 | D:11     | Killed a centaur warrior
 16430 | D:11     | Reached skill level 5 in Spellcasting
 16664 | D:12     | Noticed a two-headed ogre
 16722 | Lair:1   | Entered Level 1 of the Lair of Beasts
 16790 | Lair:1   | Noticed Harold
 16865 | Lair:1   | Killed Harold
 17092 | Lair:1   | Identified the +8 flail of Suicidal Tendencies {vorpal, rC+
                  | Will+ rCorr SInv}
 17232 | Lair:1   | Reached skill level 5 in Ice Magic
 17278 | Lair:1   | Reached skill level 1 in Evocations
 17623 | Lair:1   | Reached ** piety under Wu Jian
 18125 | Lair:2   | Reached skill level 5 in Evocations
 18290 | Lair:2   | Found a staircase to the Snake Pit.
 18334 | Lair:2   | Reached skill level 1 in Earth Magic
 18626 | Lair:2   | Found a staircase to the Shoals.
 19100 | Lair:2   | Identified the +2 rapier of Girupur {vorpal, rPois Str+3}
 19804 | Lair:3   | Reached XP level 13. HP: 92/92 MP: 23/23
 19987 | Lair:3   | Reached skill level 10 in Transmutations
 20452 | Lair:4   | Learned a level 6 spell: Statue Form
 20591 | Lair:4   | Reached *** piety under Wu Jian
 20797 | Lair:4   | Noticed Kirke
 20932 | Lair:4   | Reached skill level 5 in Earth Magic
 21057 | Lair:4   | Identified the +5 war axe of the Boar {vorpal, rElec Int+6
                  | Dex+4}
 21154 | Lair:4   | Killed Kirke
 21451 | Lair:5   | Entered Level 5 of the Lair of Beasts
 22586 | Lair:5   | Reached **** piety under Wu Jian
 22691 | Lair:4   | Reached XP level 14. HP: 99/99 MP: 22/26
 23259 | Lair:5   | Reached skill level 10 in Earth Magic
 23371 | Lair:5   | Found a runed translucent door.
 23372 | Lair:5   | Found a viscous altar of Jiyva.
 23372 | Lair:5   | Noticed an acid blob
 23372 | Lair:5   | Noticed an acid blob
 23374 | Lair:5   | Found a staircase to the Slime Pits.
 24496 | Lair:5   | Reached ***** piety under Wu Jian
 24944 | D:8      | Bought a +6 ring of intelligence for 504 gold pieces
 25129 | D:3      | Killed Sigmund
 25683 | D:11     | Killed GloriousHammer's ghost
 26324 | D:12     | Noticed Gastronok
 26990 | D:13     | Found Eneloti's Weapon Boutique.
 27674 | D:14     | Noticed Lodul
 27680 | D:14     | Killed Lodul
 27690 | D:14     | Reached XP level 15. HP: 103/103 MP: 24/27
 27746 | D:14     | Found a gate to the Vaults.
 28560 | D:15     | Entered Level 15 of the Dungeon
 29099 | D:15     | Found a staircase to the Depths.
 29467 | Orc:1    | Entered Level 1 of the Orcish Mines
 29467 | Orc:1    | Noticed Maurice
 29568 | Orc:1    | Killed Maurice
 29926 | Orc:2    | Entered Level 2 of the Orcish Mines
 29926 | Orc:2    | Noticed an orc warlord
 29934 | Orc:1    | Reached ****** piety under Wu Jian
 30352 | Orc:1    | Killed an orc warlord
 30737 | Orc:2    | Paralysed by an orc sorcerer for 4 turns
 30864 | Orc:2    | Paralysed by an orc sorcerer for 2 turns
 30912 | Orc:2    | Found Iroicw's Assorted Antiques.
 30912 | Orc:2    | Found Byrphuikh's Antique Armour Shoppe.
 30919 | Orc:2    | Found Waenew's Book Shop.
 30919 | Orc:2    | Found Vydghira's Book Shoppe.
 31020 | Orc:2    | Found a staircase to the Elven Halls.
 31022 | Orc:2    | Found Plog's Distillery.
 31333 | Orc:2    | Bought a manual of Fighting for 1200 gold pieces
 31652 | Snake:1  | Entered Level 1 of the Snake Pit
 31811 | Snake:1  | Reached XP level 16. HP: 62/116 MP: 21/28
 32425 | Snake:1  | Found a hazy altar of Hepliaklqana.
 32726 | Snake:2  | Noticed Vashnia
 32740 | Snake:2  | Killed Vashnia
 32981 | Snake:2  | Identified Roxanne's Lessons on the Rocks
 32981 | Snake:2  | Noticed Roxanne
 33069 | Snake:2  | Noticed a nagaraja
 33083 | Snake:2  | Killed a nagaraja
 33463 | Snake:2  | Found a runed translucent door.
 33464 | Snake:2  | Found a shimmering altar of Xom.
 33464 | Snake:2  | Noticed Smee's ghost (adept MiFi)
 33805 | Snake:3  | Noticed Saint Roka
 34360 | Snake:2  | Killed Saint Roka
 34817 | Snake:3  | Reached skill level 15 in Fighting
 35626 | Snake:4  | Entered Level 4 of the Snake Pit
 35749 | Snake:4  | Reached XP level 17. HP: 127/127 MP: 23/29
 37059 | Snake:4  | Reached skill level 10 in Ice Magic
 37467 | Snake:4  | Got a serpentine rune of Zot
 37737 | Lair:2   | Upgraded the game from 0.29.0-11-gd7f09526c8 to
                  | 0.29.0-13-gc9e81de378
 37829 | Elf:1    | Entered Level 1 of the Elven Halls
 37911 | Elf:1    | Reached skill level 15 in Unarmed Combat
 37948 | Elf:1    | Paralysed by an air elemental for 1 turns
 38882 | Elf:1    | Identified the ring of Zoemafiu {Will+ Str+6 Int+7}
 38988 | Elf:1    | Got the Incunabulum of the Grave
 39121 | Elf:2    | Found Lekun's Distillery.
 39146 | Elf:2    | Bought a potion of heal wounds for 60 gold pieces
 39146 | Elf:2    | Bought a potion of heal wounds for 60 gold pieces
 39468 | Elf:1    | Reached XP level 18. HP: 140/140 MP: 25/30
 39628 | Elf:2    | Reached XP level 19. HP: 146/146 MP: 31/31
 40227 | Elf:2    | Found a huge runed translucent gate.
 40227 | Elf:2    | Found a huge runed translucent gate.
 40227 | Elf:2    | Found a huge runed translucent gate.
 40233 | Elf:2    | Found a huge runed translucent gate.
 40233 | Elf:2    | Found a huge runed translucent gate.
 40306 | Elf:2    | Learned a level 5 spell: Alistair's Intoxication
 41076 | Vaults:1 | Entered Level 1 of the Vaults
 42227 | Vaults:1 | Reached XP level 20. HP: 158/158 MP: 32/32
 44216 | Vaults:2 | Found a runed translucent gate.
 44216 | Vaults:2 | Found a runed translucent gate.
 44242 | Vaults:2 | Found a runed translucent gate.
 44268 | Vaults:2 | Gained mutation: You occasionally lose the ability to read
                  | scrolls when taking damage. [a cacodemon]
 44669 | Vaults:2 | Noticed Zenata
 44689 | Vaults:2 | Killed Zenata
 45378 | Vaults:3 | Reached XP level 21. HP: 110/164 MP: 33/33
 46916 | Vaults:2 | Found a runed translucent gate.
 46916 | Vaults:2 | Found a runed translucent gate.
 46923 | Vaults:2 | Found a runed translucent gate.
 46926 | Vaults:2 | Noticed Eldin's ghost (veteran DEHW)
 47101 | Vaults:3 | Learned a level 2 spell: Passwall
 47259 | Vaults:3 | Found a staircase to the Crypt.
 47699 | Vaults:4 | Reached skill level 10 in Evocations
 48694 | Vaults:4 | Reached XP level 22. HP: 171/171 MP: 27/34
 49641 | Orc:2    | Bought a potion of invisibility for 128 gold pieces
 49641 | Orc:2    | Bought a potion of heal wounds for 80 gold pieces
 49674 | Orc:2    | Bought a potion of resistance for 180 gold pieces
 49771 | Elf:3    | Entered Level 3 of the Elven Halls
 49771 | Elf:3    | Noticed Louise
 49773 | Elf:3    | Killed Louise
 50947 | Elf:3    | Identified the ring of Imakaana {rPois rN+++ Str-2 Dex+4
                  | SInv}
 52345 | Elf:3    | Identified the +2 great sword of Resourcefulness {vorpal,
                  | Dex+4}
 52575 | Elf:3    | Got Nafaeh's Parchment of Translocated Moulding
 52579 | Elf:3    | Identified the +8 shortbow "Ogiokk" {freeze, rElec rC+}
 52582 | Elf:3    | Lost mutation: You occasionally lose the ability to read
                  | scrolls when taking damage. [potion of mutation]
 52582 | Elf:3    | Gained mutation: You are agile. (Dex +4, Str/Int -1)
                  | [potion of mutation]
 52582 | Elf:3    | Gained mutation: Your flesh is heat resistant. (rF+)
                  | [potion of mutation]
 52626 | Elf:3    | Got Lomidur's Octavo of the Shifting Grave
 52640 | Elf:3    | Identified the +1 chain mail "Ytarghit" {rPois}
 52954 | Depths:1 | Entered Level 1 of the Depths
 53040 | Depths:1 | Found a one-way gate leading to the halls of Pandemonium.
 53293 | Depths:1 | Found a hazy altar of Hepliaklqana.
 53351 | Depths:1 | Found a gateway to Hell.
 53521 | Depths:1 | Found a one-way gateway to a ziggurat.
 53598 | Depths:1 | Found Ossorch's Magic Scroll Shoppe.
 53622 | Depths:1 | Bought 3 scrolls of silence for 541 gold pieces
 53622 | Depths:1 | Bought a scroll of silence for 180 gold pieces
 53622 | Depths:1 | Bought a scroll of blinking for 142 gold pieces
 54085 | Depths:2 | You fall into a shaft and drop 2 floors!
 54085 | Depths:4 | Entered Level 4 of the Depths
 54117 | Depths:4 | Noticed a golden dragon
 54122 | Depths:4 | Killed a golden dragon
 54123 | Depths:4 | Noticed Boris
 54130 | Depths:4 | Killed Boris
 54557 | Depths:4 | Reached skill level 10 in Dodging
 54720 | Depths:3 | Noticed Jory
 54731 | Depths:4 | Killed Jory
 54732 | Depths:4 | Reached XP level 23. HP: 176/176 MP: 30/35
 55016 | Depths:3 | Found Lyoseen's Jewellery Shop.
 55028 | Depths:3 | Found a corrupted altar of Lugonu.
 55028 | Depths:3 | Found a one-way gate to the infinite horrors of the Abyss.
 55152 | Depths:2 | Found Rirghamei's Magic Scroll Boutique.
 55154 | Depths:2 | Found Miargh's Armour Shop.
 55157 | Depths:2 | Found Ugimyub's Book Boutique.
 55193 | Depths:2 | Bought a scroll of acquirement for 676 gold pieces
 55206 | Depths:2 | Acquired 633 gold pieces
 55212 | Depths:2 | Bought a manual of Hexes for 1280 gold pieces
 55365 | Depths:2 | Found the +5 glaive of the Guard {elec, spectral, AC+5}
 55495 | Depths:2 | Noticed Vv
 55508 | Depths:2 | Killed Vv
 55796 | Depths:2 | Found a transporter.
 56810 | Depths:3 | Noticed a golden dragon
 56813 | Depths:3 | Noticed a juggernaut
 56816 | Depths:3 | Killed a golden dragon
 56823 | Depths:3 | Killed a juggernaut
 56845 | Depths:3 | Noticed a juggernaut
 56870 | Depths:3 | Killed a juggernaut
 57170 | Depths:3 | Learned a level 7 spell: Dragon Form
 57181 | Depths:3 | Identified the +4 bardiche of Big Damage {elec, rC+ Str+4
                  | Dex-5}
 57203 | Depths:3 | Identified the +3 hand axe "Dackuv" {venom, *Slow rF+++
                  | rCorr Str-5}
 57205 | Depths:3 | Identified the +4 scale mail of the Sun {rPois rF- Will+++
                  | Str-5}
 57899 | Depths:4 | Noticed a caustic shrike
 57899 | Depths:4 | Noticed a caustic shrike
 57899 | Depths:4 | Noticed a caustic shrike
 57900 | Depths:4 | Noticed a caustic shrike
 57901 | Depths:4 | Noticed a caustic shrike
 57905 | Depths:4 | Killed a caustic shrike
 57906 | Depths:4 | Reached XP level 24. HP: 183/183 MP: 30/35
 57910 | Depths:4 | Killed a caustic shrike
 57916 | Depths:4 | Killed a caustic shrike
 57921 | Depths:4 | Killed a caustic shrike
 57926 | Depths:4 | Killed a caustic shrike
 58211 | Depths:4 | Identified the +3 leather armour of Sin {Regen+ Int+5 SInv}
 58391 | Depths:4 | Reached skill level 15 in Dodging
 58399 | Depths:4 | Found a gate to the Realm of Zot.
 58405 | Depths:4 | Identified the +1 ring mail "Qasiump" {rF+ Regen+}
 59729 | Shoals:1 | Entered Level 1 of the Shoals
 59928 | Shoals:1 | Reached skill level 15 in Transmutations
 59963 | Shoals:1 | Found Usuughic's Armour Emporium.
 60515 | Shoals:1 | Found Zoarumm's Visitors' Centre.
 60573 | Shoals:1 | Bought a condenser vane for 560 gold pieces
 61151 | Shoals:2 | Reached skill level 1 in Summonings
 61526 | Shoals:3 | Found a runed translucent gate.
 61526 | Shoals:3 | Found a runed translucent gate.
 61526 | Shoals:3 | Found a runed translucent gate.
 61554 | Shoals:3 | Noticed Aral's ghost (adept MiBe)
 61583 | Shoals:3 | Reached skill level 5 in Summonings
 62460 | Shoals:3 | Killed Aral's ghost
 62564 | Shoals:4 | Entered Level 4 of the Shoals
 62568 | Shoals:4 | Reached skill level 10 in Summonings
 63035 | Shoals:4 | Identified the +6 mace of the Moon {pain, *Rage Dex+7}
 63035 | Shoals:4 | Identified the +3 leather armour of Zak Upp {Drain rN+
                  | Slay+2}
 63048 | Shoals:4 | Found a shimmering altar of Xom.
 63180 | Shoals:4 | Got a barnacled rune of Zot
 63425 | Shoals:4 | Reached XP level 25. HP: 189/189 MP: 35/35
 63695 | Shoals:4 | Identified the ring of Eroxosma {rElec rC+ Dex+5}
 64100 | Crypt:1  | Entered Level 1 of the Crypt
 64369 | Crypt:1  | Paralysed by a vampire knight for 2 turns
 64585 | Crypt:1  | Reached skill level 15 in Summonings
 65241 | Crypt:2  | Noticed Grunn
 65271 | Crypt:2  | Killed Grunn
 65474 | Crypt:2  | Noticed Xtahua
 65481 | Crypt:2  | Killed Xtahua
 65620 | Crypt:2  | Found a transporter.
 65620 | Crypt:2  | Noticed a royal mummy
 65628 | Crypt:2  | Noticed Fainec's ghost (veteran GrEE)
 65631 | Crypt:2  | Noticed Osipn's ghost (veteran MiGl)
 65634 | Crypt:2  | Noticed Ciwiv's ghost (veteran FoFi)
 65740 | Crypt:2  | Found a transporter.
 66083 | Crypt:2  | Learned a level 9 spell: Dragon's Call
 66134 | Crypt:3  | Entered Level 3 of the Crypt
 66601 | Crypt:3  | Identified the ring of Paranoia {rN+ Dex+4}
 66603 | Crypt:3  | Found a staircase to the Tomb.
 66641 | Crypt:3  | Noticed an ancient lich
 66651 | Crypt:3  | Killed an ancient lich
 66711 | Crypt:3  | Identified the ring "Jieh" {rN+ Str-4 Dex+5}
 66875 | Crypt:3  | Got Uteaxol's Anthology of Mastery
 66883 | Crypt:3  | Identified the +11 mace of Yxo Taciriss {venom, rN+}
 67137 | Crypt:3  | Found a basalt altar of Yredelemnul.
 67819 | Vaults:5 | Entered Level 5 of the Vaults
 67841 | Vaults:4 | Reached XP level 26. HP: 191/196 MP: 35/35
 69408 | Vaults:5 | Noticed an ancient lich
 69409 | Vaults:5 | Killed an ancient lich
 69411 | Vaults:5 | Noticed a dread lich
 69419 | Vaults:5 | Killed a dread lich
 69555 | Vaults:5 | Found Weralea's Distillery.
 69780 | Vaults:5 | Identified the +5 trident of Evisceration {chaos, Fragile
                  | Str+4 Int+6}
 69898 | Vaults:5 | Found the +3 pair of seven-league boots {Rampage+∞}
 69933 | Vaults:5 | Got a silver rune of Zot
 70225 | Vaults:5 | Identified the +1 scale mail "Hoaxt" {Fly rC+ Slay+2}
 70260 | Vaults:5 | Found the +0 mask of the Dragon {Will+ Slay+3 SInv}
 70569 | Vaults:5 | Bought a potion of invisibility for 120 gold pieces
 70569 | Vaults:5 | Bought a potion of resistance for 150 gold pieces
 70863 | Vaults:5 | Identified the +6 war axe "Newtslayer" {vorpal, *Noise
                  | rPois Int+4}
 71340 | Zot:1    | Entered Level 1 of the Realm of Zot
 71448 | Zot:1    | Acquired 663 gold pieces
 72112 | Elf:3    | Identified the +0 hat "Gogedac" {Int+4 SInv}
 73131 | Zot:1    | Reached XP level 27. HP: 199/201 MP: 34/35
 73786 | Zot:1    | Reached skill level 1 in Shields
 74418 | Zot:2    | Reached skill level 5 in Shields
 74738 | Zot:2    | Noticed an orb of fire
 74750 | Zot:2    | Killed an orb of fire
 75308 | Zot:3    | Noticed an orb of fire
 75766 | Zot:3    | Found the +4 dragonskin cloak
 75766 | Zot:3    | Noticed Tiamat
 76245 | Zot:2    | Killed an orb of fire
 76693 | Zot:2    | Reached skill level 10 in Shields
 77838 | Zot:2    | Killed Tiamat
 78982 | Zot:5    | Entered Level 5 of the Realm of Zot
 80716 | Depths:2 | Voluntarily entered the Abyss.
 80722 | Abyss:2  | Found a corrupted altar of Lugonu.
 80979 | Abyss:2  | Found a corrupted altar of Lugonu.
 81349 | Abyss:3  | Reached skill level 15 in Shields
 81595 | Abyss:3  | Reached skill level 10 in Spellcasting
 81634 | Abyss:3  | Got an abyssal rune of Zot
 81746 | Depths:2 | Escaped the Abyss
 81828 | Depths:2 | Bought a scroll of amnesia for 52 gold pieces
 81837 | Depths:2 | Learned a level 4 spell: Summon Lightning Spire
 81845 | Depths:2 | Learned a level 7 spell: Summon Hydra
 81850 | Depths:2 | Bought a scroll of fear for 52 gold pieces
 81850 | Depths:2 | Bought a scroll of fog for 52 gold pieces
 81850 | Depths:2 | Bought a scroll of fear for 52 gold pieces
 81850 | Depths:2 | Bought a scroll of fear for 52 gold pieces
 81984 | Zig:1    | Entered Level 1 of a ziggurat
 82061 | Zig:2    | Entered Level 2 of a ziggurat
 82061 | Zig:2    | Noticed a juggernaut
 82070 | Zig:2    | Killed a juggernaut
 82146 | Zig:3    | Entered Level 3 of a ziggurat
 82159 | Zig:3    | Gained mutation: You sometimes lose your temper in combat.
                  | [a neqoxec]
 82296 | Zig:3    | Identified the amulet "Pifawkot" {Acrobat Str+3}
 82323 | Zig:4    | Entered Level 4 of a ziggurat
 82581 | Zig:5    | Entered Level 5 of a ziggurat
 82583 | Zig:5    | Noticed Tirhualu the pandemonium lord
 82588 | Zig:5    | Killed Tirhualu the pandemonium lord
 82641 | Zig:5    | Identified the +1 glaive "Parruv" {vamp, rC+}
 82674 | Zig:6    | Entered Level 6 of a ziggurat
 82726 | Zig:6    | Identified the +1 scale mail of the Scribe {rC+ Str+3}
 82743 | Zig:7    | Entered Level 7 of a ziggurat
 82875 | Zig:8    | Entered Level 8 of a ziggurat
 83168 | Zig:8    | Identified the +1 pair of boots "Bybyupp" {Rampage rCorr
                  | Stlth+}
 83187 | Zig:8    | Identified the +0 mace "bakla's Doom" {spect, rN+}
 83549 | Zig:9    | Entered Level 9 of a ziggurat
 83553 | Zig:9    | Noticed a royal mummy
 83554 | Zig:9    | Noticed a royal mummy
 83554 | Zig:9    | Noticed a royal mummy
 83558 | Zig:9    | Killed a royal mummy
 83566 | Zig:9    | Killed a royal mummy
 83575 | Zig:9    | Killed a royal mummy
 83843 | Zig:9    | Identified the +6 hand crossbow "Giant's Demise" {flame,
                  | Drain rF+ Str+3 Int+3}
 83924 | Zig:9    | Got Kikubaaqudgha's Octavo of Darkness
 83935 | Zig:10   | Entered Level 10 of a ziggurat
 83947 | Zig:10   | Found the +13 scythe of Curses {drain, Drain}
 84068 | Zig:10   | Identified the ring "Riheuwk" {Wiz Int+6}
 84094 | Zig:11   | Entered Level 11 of a ziggurat
 84101 | Zig:11   | Noticed an ancient lich
 84108 | Zig:11   | Killed an ancient lich
 84225 | Zig:12   | Entered Level 12 of a ziggurat
 84332 | Zig:12   | Identified the +9 morningstar "Seummedi" {protect, +Blink
                  | Will+}
 84354 | Zig:12   | Identified the +4 war axe of Precise Incision {antimagic,
                  | Contam rElec Will+}
 84380 | Zig:13   | Entered Level 13 of a ziggurat
 84451 | Zig:13   | Identified the ring of Cosyusoj {Wiz Dex+2}
 84457 | Zig:13   | Identified the +6 quarterstaff of Discord {venom, Contam
                  | rN+ Dex+8}
 84458 | Zig:13   | Identified the +0 buckler of Egalitarianism {Fly Str+4
                  | SInv}
 84461 | Zig:13   | Identified the +1 great sword of the Arena {antimagic,
                  | +Blink rElec rC- rN+}
 84497 | Zig:14   | Entered Level 14 of a ziggurat
 84510 | Zig:14   | Lost mutation: You are agile. (Dex +4, Str/Int -1) [a
                  | shining eye]
 84693 | Zig:15   | Entered Level 15 of a ziggurat
 85206 | Zig:15   | Identified the +8 great mace of Wyrd {flame, rElec rN+++
                  | MP+9 Int-2}
 85215 | Zig:15   | Identified the amulet of Jemovis {+Blink Regen+ rCorr Int+6
                  | Dex-2}
 85225 | Zig:15   | Identified the ring of the Prince {rPois MP+9 Dex+6}
 85264 | Zig:16   | Entered Level 16 of a ziggurat
 85658 | Zig:16   | Got the Reference Book on Warped Ice
 85692 | Zig:17   | Entered Level 17 of a ziggurat
 85709 | Zig:17   | Gained mutation: You do not regenerate when monsters are
                  | visible. [a shining eye]
 85752 | Zig:17   | Found the +8 Wrath of Trog {antimagic, *Rage Rampage}
 85755 | Zig:17   | Found the +3 Elemental Staff {rElec rF++ rC++ AC+5}
 85759 | Zig:17   | Identified the ring of Itosmaist {rN+ Str+2 Dex+2}
 85780 | Zig:17   | Got the Anthology of the Five Nights
 85828 | Zig:17   | Lost mutation: You sometimes lose your temper in combat.
                  | [potion of mutation]
 85828 | Zig:17   | Lost mutation: You do not regenerate when monsters are
                  | visible. [potion of mutation]
 85828 | Zig:17   | Lost mutation: Your flesh is heat resistant. (rF+) [potion
                  | of mutation]
 85828 | Zig:17   | Gained mutation: You sometimes lose your temper in combat.
                  | [potion of mutation]
 85828 | Zig:17   | Gained mutation: You are weak. (Str -2) [potion of
                  | mutation]
 85828 | Zig:17   | Gained mutation: You are partially covered in iridescent
                  | scales. (AC +2) [potion of mutation]
 86027 | Zig:18   | Entered Level 18 of a ziggurat
 86058 | Zig:18   | Found the +0 pair of fencer's gloves {Riposte Dex+3}
 86058 | Zig:18   | Found the +0 staff of Battle
 86244 | Zig:18   | Identified the +0 robe of the Manifold Spines {Str+4}
 86254 | Zig:19   | Entered Level 19 of a ziggurat
 86480 | Zig:19   | Identified the +1 dagger of Dafut {drain, Dex+3}
 86487 | Zig:19   | Identified the +9 longbow "Zekluppa" {flame, rF++ rC+ Dex-5
                  | Stlth-}
 86488 | Zig:19   | Identified the +1 ring mail of the Great Game {Str+6
                  | Stlth+}
 86497 | Zig:20   | Entered Level 20 of a ziggurat
 86554 | Zig:20   | Noticed a juggernaut
 86556 | Zig:20   | Noticed a juggernaut
 86556 | Zig:20   | Noticed a juggernaut
 86556 | Zig:20   | Noticed a juggernaut
 86559 | Zig:20   | Noticed a juggernaut
 86561 | Zig:20   | Killed a juggernaut
 86562 | Zig:20   | Killed a juggernaut
 86563 | Zig:20   | Killed a juggernaut
 86567 | Zig:20   | Killed a juggernaut
 86567 | Zig:20   | Killed a juggernaut
 86668 | Zig:20   | Identified the +4 dagger of the Disturbing Xalams {venom,
                  | rCorr Str+2}
 86675 | Zig:20   | Identified the ring "Vaceaq" {rElec rF- rN+ Str+9}
 86712 | Zig:21   | Entered Level 21 of a ziggurat
 87034 | Zig:21   | Got the Discursus on Hoarfrost
 87041 | Zig:21   | Identified the ring "Kotzy" {Fire Dex+2}
 87058 | Zig:22   | Entered Level 22 of a ziggurat
 87098 | Zig:22   | Reached skill level 27 in Unarmed Combat
 87349 | Zig:22   | Identified the +7 scimitar of Hacking and Slashing {vorpal,
                  | rCorr Stlth+}
 87389 | Zig:23   | Entered Level 23 of a ziggurat
 87416 | Zig:23   | Paralysed by an air elemental for 1 turns
 87814 | Zig:24   | Entered Level 24 of a ziggurat
 87838 | Zig:24   | Paralysed by a wendigo for 1 turns
 87843 | Zig:24   | Paralysed by a wendigo for 1 turns
 87855 | Zig:24   | Reached skill level 27 in Fighting
 87864 | Zig:24   | Noticed a dread lich
 87865 | Zig:24   | Killed a dread lich
 88166 | Zig:24   | Found the +5 demon whip "Spellbinder" {antimagic, Will+}
 88178 | Zig:24   | Identified the ring "Upei" {rElec Dex+6}
 88214 | Zig:24   | Lost mutation: You are weak. (Str -2) [potion of mutation]
 88214 | Zig:24   | Lost mutation: You sometimes lose your temper in combat.
                  | [potion of mutation]
 88214 | Zig:24   | Gained mutation: You are mostly covered in iridescent
                  | scales. (AC +4) [potion of mutation]
 88223 | Zig:25   | Entered Level 25 of a ziggurat
 88242 | Zig:25   | Noticed an ancient lich
 88252 | Zig:25   | Killed an ancient lich
 88255 | Zig:25   | Noticed a dread lich
 88262 | Zig:25   | Noticed a dread lich
 88262 | Zig:25   | Noticed an ancient lich
 88270 | Zig:25   | Killed a dread lich
 88276 | Zig:25   | Killed a dread lich
 88278 | Zig:25   | Killed an ancient lich
 88479 | Zig:25   | Identified the +9 shortbow of Sin {freeze, rF+ Int+4
                  | Stlth+}
 88485 | Zig:25   | Identified the ring "Comneji" {Str+4 Slay+4}
 88492 | Zig:25   | Identified the +5 rapier "Guawoc" {vorpal, rF- rN+++ Int-4
                  | Dex+4}
 88501 | Zig:25   | Identified the +7 giant club of Infinite Pain {vorpal,
                  | Dex+4}
 88518 | Zig:26   | Entered Level 26 of a ziggurat
 88543 | Zig:26   | Noticed a royal mummy
 88550 | Zig:26   | Noticed a royal mummy
 88550 | Zig:26   | Killed a royal mummy
 88555 | Zig:26   | Noticed a royal mummy
 88557 | Zig:26   | Noticed a royal mummy
 88559 | Zig:26   | Noticed a royal mummy
 88561 | Zig:26   | Noticed a royal mummy
 88564 | Zig:26   | Killed a royal mummy
 88565 | Zig:26   | Noticed a royal mummy
 88565 | Zig:26   | Noticed a royal mummy
 88565 | Zig:26   | Killed a royal mummy
 88565 | Zig:26   | Noticed a royal mummy
 88566 | Zig:26   | Killed a royal mummy
 88567 | Zig:26   | Killed a royal mummy
 88569 | Zig:26   | Killed a royal mummy
 88570 | Zig:26   | Killed a royal mummy
 88571 | Zig:26   | Killed a royal mummy
 88572 | Zig:26   | Noticed a royal mummy
 88573 | Zig:26   | Noticed a royal mummy
 88578 | Zig:26   | Killed a royal mummy
 88583 | Zig:26   | Killed a royal mummy
 88598 | Zig:26   | HP: 9/224 [oklob plant/splash of acid (8)]
 88660 | Zig:27   | Entered Level 27 of a ziggurat
 89096 | Zig:27   | Found the +7 sceptre of Torment {pain, torment}
 89119 | Zig:27   | Identified the amulet of Viemeir {Faith *Corrode +Inv Int+4
                  | SInv}
 89122 | Zig:27   | Identified the +6 arbalest of Fejaanunk {penet, rElec Int+7
                  | SInv Stlth-}
 89471 | Slime:1  | Entered Level 1 of the Pits of Slime
 89541 | Slime:4  | Gained mutation: You are clumsy. (Dex -2) [a shining eye]
 89542 | Slime:4  | Gained mutation: You sometimes lose your temper in combat.
                  | [a shining eye]
 89545 | Slime:4  | Paralysed by a floating eye for 3 turns
 89551 | Slime:4  | Gained mutation: Your spells are a little easier to cast,
                  | but a little less powerful. [a shining eye]
 89589 | Slime:4  | Lost mutation: Your spells are a little easier to cast, but
                  | a little less powerful. [potion of mutation]
 89589 | Slime:4  | Lost mutation: You are clumsy. (Dex -2) [potion of
                  | mutation]
 89589 | Slime:4  | Lost mutation: You sometimes lose your temper in combat.
                  | [potion of mutation]
 89589 | Slime:4  | Gained mutation: You have a pair of small antennae on your
                  | head. [potion of mutation]
 89589 | Slime:4  | Gained mutation: You are agile. (Dex +4, Str/Int -1)
                  | [potion of mutation]
 89593 | Slime:5  | Entered Level 5 of the Pits of Slime
 89851 | Slime:5  | Noticed the Royal Jelly
 89860 | Slime:5  | Killed the Royal Jelly
 89892 | Slime:5  | Found the +8 whip "Snakebite" {venom, curare, rPois}
 90171 | Slime:5  | Got a slimy rune of Zot
 90216 | Slime:5  | Identified the +9 arbalest of Trial by Ordeal {vorpal, rN+
                  | rCorr Str+3}
 90217 | Slime:5  | Identified the +3 robe "Ryzoess" {rN+ Int+3}
 90230 | Slime:5  | Identified the +1 chain mail of the Camelopard {rN+ MP-9
                  | Int+4}
 90256 | Slime:5  | Identified the +4 mace of Rotation {vorpal, Drain rN++}
 90267 | Slime:5  | Identified the +2 robe "Juapra Vegou" {rPois Will+ Slay+2}
 90921 | Zot:5    | Noticed an orb of fire
 90949 | Zot:5    | Reached skill level 27 in Shields
 90977 | Zot:5    | Noticed a dread lich
 90987 | Zot:5    | Killed a dread lich
 91518 | Zot:5    | Noticed an orb of fire
 91519 | Zot:5    | Gained mutation: You are dopey. (Int -2) [an orb of fire]
 91521 | Zot:5    | Gained mutation: You occasionally lose the ability to drink
                  | potions when taking damage. [an orb of fire]
 91522 | Zot:5    | Killed an orb of fire
 91574 | Zot:5    | Killed an orb of fire
 91756 | Zot:5    | Noticed an orb of fire
 91760 | Zot:5    | Gained mutation: You occasionally shout uncontrollably at
                  | your foes. [an orb of fire]
 91762 | Zot:5    | Killed an orb of fire
 92003 | Zot:5    | Noticed an ancient lich
 92006 | Zot:5    | Killed an ancient lich
 92070 | Zot:5    | Noticed a dread lich
 92078 | Zot:5    | Killed a dread lich
 92102 | Zot:5    | Noticed a dread lich
 92109 | Zot:5    | Killed a dread lich
 92200 | Zot:5    | Lost mutation: You are mostly covered in iridescent scales.
                  | (AC +4) [potion of mutation]
 92200 | Zot:5    | Lost mutation: You are dopey. (Int -2) [potion of mutation]
 92200 | Zot:5    | Gained mutation: You are robust. (+10% HP) [potion of
                  | mutation]
 92200 | Zot:5    | Gained mutation: You are resistant to electric shocks.
                  | (rElec) [potion of mutation]
 92201 | Zot:5    | Lost mutation: You are resistant to electric shocks.
                  | (rElec) [potion of mutation]
 92201 | Zot:5    | Lost mutation: You are robust. (+10% HP) [potion of
                  | mutation]
 92201 | Zot:5    | Lost mutation: You occasionally lose the ability to drink
                  | potions when taking damage. [potion of mutation]
 92201 | Zot:5    | Gained mutation: You possess an exceptional clarity of
                  | mind. [potion of mutation]
 92202 | Zot:5    | Lost mutation: You are agile. (Dex +4, Str/Int -1) [potion
                  | of mutation]
 92202 | Zot:5    | Lost mutation: You possess an exceptional clarity of mind.
                  | [potion of mutation]
 92202 | Zot:5    | Gained mutation: Your magical capacity is low. (-10% MP)
                  | [potion of mutation]
 92202 | Zot:5    | Gained mutation: You are strong-willed. (Will+) [potion of
                  | mutation]
 92202 | Zot:5    | Gained mutation: Your system is resistant to poisons.
                  | (rPois) [potion of mutation]
 92203 | Zot:5    | Lost mutation: You occasionally shout uncontrollably at
                  | your foes. [potion of mutation]
 92203 | Zot:5    | Lost mutation: You are partially covered in iridescent
                  | scales. (AC +2) [potion of mutation]
 92203 | Zot:5    | Lost mutation: Your magical capacity is low. (-10% MP)
                  | [potion of mutation]
 92203 | Zot:5    | Gained mutation: You are weak. (Str -2) [potion of
                  | mutation]
 92203 | Zot:5    | Gained mutation: You are very weak. (Str -4) [potion of
                  | mutation]
 92204 | Zot:5    | Lost mutation: You have a pair of small antennae on your
                  | head. [potion of mutation]
 92204 | Zot:5    | Lost mutation: Your system is resistant to poisons. (rPois)
                  | [potion of mutation]
 92204 | Zot:5    | Lost mutation: You are very weak. (Str -4) [potion of
                  | mutation]
 92204 | Zot:5    | Gained mutation: You are very weak. (Str -4) [potion of
                  | mutation]
 92204 | Zot:5    | Gained mutation: You are agile. (Dex +4, Str/Int -1)
                  | [potion of mutation]
 92205 | Zot:5    | Lost mutation: You are strong-willed. (Will+) [potion of
                  | mutation]
 92205 | Zot:5    | Lost mutation: You are very weak. (Str -4) [potion of
                  | mutation]
 92205 | Zot:5    | Lost mutation: You are weak. (Str -2) [potion of mutation]
 92205 | Zot:5    | Gained mutation: You are frail. (-10% HP) [potion of
                  | mutation]
 92205 | Zot:5    | Gained mutation: You passively map a small area around you.
                  | [potion of mutation]
 92206 | Zot:5    | Lost mutation: You are frail. (-10% HP) [potion of
                  | mutation]
 92206 | Zot:5    | Lost mutation: You passively map a small area around you.
                  | [potion of mutation]
 92206 | Zot:5    | Lost mutation: You are agile. (Dex +4, Str/Int -1) [potion
                  | of mutation]
 92206 | Zot:5    | Gained mutation: Your spells are a little easier to cast,
                  | but a little less powerful. [potion of mutation]
 92206 | Zot:5    | Gained mutation: Your muscles are strong. (Str +4, Int/Dex
                  | -1) [potion of mutation]
 92207 | Zot:5    | Lost mutation: Your spells are a little easier to cast, but
                  | a little less powerful. [potion of mutation]
 92207 | Zot:5    | Lost mutation: Your muscles are strong. (Str +4, Int/Dex
                  | -1) [potion of mutation]
 92207 | Zot:5    | Gained mutation: You have an increased reservoir of magic.
                  | (+10% MP) [potion of mutation]
 92207 | Zot:5    | Gained mutation: You have supernaturally acute eyesight.
                  | (SInv) [potion of mutation]
 92791 | Elf:2    | Bought a potion of might for 48 gold pieces
 92791 | Elf:2    | Bought a potion of brilliance for 48 gold pieces
 92791 | Elf:2    | Bought a potion of resistance for 120 gold pieces
 93022 | Depths:1 | Bought a scroll of fog for 76 gold pieces
 93022 | Depths:1 | Bought a scroll of fog for 76 gold pieces
 93400 | Zot:5    | Got the Orb of Zot
 93975 | D:1      | Reached skill level 5 in Stealth
 94141 | D:$      | Escaped with the Orb!

Illustrated notes

Levels and vault maps discovered:
D:1:      spicycebolla_green_bress_n_ham_2, layout_basic
D:2:      kennysheep_big_flooded_room, layout_basic, uniq_natasha
D:3:      layout_loops_ring, uniq_sigmund, uniq_crazy_yiuf_cottage
D:4:      layout_loops_ring, nicolae_qazlal_eye_of_the_storm, enter_ossuary_4,
          uniq_grinder, uniq_pikel, uniq_edmund
D:5:      layout_rooms, lemuel_round_altar, serial_curves, eino_curves_02,
          eino_curves_03, portal_sewer_entry_e, uniq_duvessa
D:6:      layout_basic, nicolae_dithmenos_through_a_glass_darkly,
          okawaru_altar_gauntlet_db, minmay_temple_entry_grid,
          kennysheep_generic_room_15
D:7:      layout_cave_pools, dreamdust_divine_triumvirate, uniq_prince_ribbit1
D:8:      layout_loops_ring, serial_shops, shop
D:9:      layout_long_grid, mainiacjoe_overflow_catwalk, lemuel_tele_altar,
          mainiacjoe_overflow_alcove_4, hangedman_misty_isle
D:10:     layout_loops_ring, mainiacjoe_overflow_cross_hatched,
          lemuel_crystal_altar, due_lair_maze_entry_diamond, david_orc_2,
          uniq_urug
D:11:     layout_loops_ring, gammafunk_ghost_ooze
D:12:     layout_roguey, feat_on_display, uniq_gastronok
D:13:     layout_cave_pods, serial_shops, nicolae_lakefront_shop,
          minmay_lizard_king
D:14:     layout_big_octagon, ximxim_vaults_locker_room, minmay_door_square,
          uniq_lodul
D:15:     hangedman_depths_entry_civil_slaughter, layout_cave_pools,
          hellmonk_bongcloud_opening
Temple:   hellmonk_temple_micro_hex
Lair:1:   layout_roguey, st_stairs_13, grunt_megastairs_3, serial_bayou_shore_a,
          uniq_harold
Lair:2:   layout_long_grid, elwin_shoals_entry_rooms,
          guppyfry_snake_entry_island, lemuel_fruit_fields
Lair:3:   layout_layer_cave
Lair:4:   layout_roguey, serial_bayou_shore_b, uniq_kirke
Lair:5:   minmay_lair_end_frog_pond, layout_cave_shapes, slime_entry_2
Shoals:1: nicolae_shoals_mermall, layout_shoals, serial_shops,
          nicolae_shop_stone
Shoals:2: layout_shoals
Shoals:3: layout_shoals, ebering_ghost_rock_garden,
          nicolae_shoals_kraken_intersection
Shoals:4: shoals_end_hangedman, layout_shoals, lemuel_oklob_altar
Snake:1:  layout_rooms, basic_altar, drop_trap
Snake:2:  layout_basic, ebering_ghost_xom, grunt_ministairs_2,
          grunt_megastairs_1, uniq_vashnia, uniq_nikola, uniq_roxanne
Snake:3:  layout_misc_corridors, serial_bayou_shore_b, grunt_megastairs_4,
          uniq_saint_roka
Snake:4:  snake_pit_salamanders_mu, layout_cave_town
Slime:1:  cheibrodos_slime_lost_civilization_9, layout_caves
Slime:2:  layout_caves, nicolae_slime_barrier
Slime:3:  layout_caves
Slime:4:  layout_caves
Slime:5
Orc:1:    layout_caves, basic_altar, uniq_maurice
Orc:2:    grunt_orc_tribal_feast, layout_caves, serial_shops,
          nicolae_shop_statue_plus
Elf:1:    nicolae_elf_arrival_fired_up, layout_loops_cross,
          portal_ice_cave_entry_pillars_three, minmay_elf_necromancy
Elf:2:    elven_hall_of_blades_hangedman_alternative [mumra_blade_entry_dagger],
          layout_rooms, serial_shops, nicolae_stop_n_shop_1
Elf:3:    minmay_elf_hall, layout_geoelf_octagon, uniq_louise
Vaults:1: vaults_dpeg_hooks, v_misc_4, ontoclasm_vaults_ring_small, v_misc_3,
          ontoclasm_vaults_shuriken, vaults_room_pools, nicolae_vaults_octagons,
          grunt_vaults_hallway_short, nicolae_vaults_ninety_degrees,
          nicolae_vaults_rhombus_5, v_alt_pattern_5,
          nicolae_vaults_little_squares_4, hangedman_vaults_slice,
          vaults_room_stairs_pillars, vaults_room_semicircle,
          layout_vaults_omnibox
Vaults:2: ploomutoo_gammafunk_ghost_potion_laboratory, v_misc_28, v_misc_10,
          v_alt_pattern_4, hangedman_vaults_restitches,
          nicolae_vaults_three_branches, v_rooms_1, vaults_mumra_hex,
          vaults_dpeg_cross, vaults_room_ringed_pool, vaults_mumra_lcd,
          layout_vaults_big_room, uniq_zenata
Vaults:3: nicolae_vaults_little_squares_3, ontoclasm_vaults_idyll,
          ontoclasm_vaults_claustrophobia,
          vaults_standard_mumra_enter_the_diamond,
          minmay_crypt_entry_simple_plaza, hangedman_vaults_maws,
          nicolae_vaults_theta, vaults_room_corners, ontoclasm_vaults_chip,
          st_spiral_rooms, nicolae_vaults_alarming, nicolae_vaults_shelves_hall,
          layout_vaults_big_cross
Vaults:4: nicolae_vaults_angled_halls, hangedman_vaults_stretched_pinwheel,
          hangedman_vaults_corner_blocks, hangedman_vaults_stream,
          nicolae_vaults_ring_of_whatevers, v_misc_12, vaults_room_fancy_cross,
          vaults_room_fours, grunt_vaults_swirl, vaults_room_grid, v_rooms_5,
          nicolae_vaults_network_barrier, nicolae_vaults_little_squares_1,
          ontoclasm_vaults_idyll, vaults_mumra_chevron_long, layout_vaults_maze
Vaults:5
Crypt:1:  layout_basic, grunt_crypt_arrival_split
Crypt:2:  layout_basic, nzn_ghost_randoct, uniq_grunn, uniq_xtahua
Crypt:3:  cryptofortress_bobbens
Depths:1: layout_honeycomb, enter_ziggurat_a, grunt_hell_entry_dis_mu,
          serial_shops, shop_coins, pan_entry, nicolae_hepliaklqana_hazy_memory,
          hellmonk_scarab_ruin
Depths:2: minmay_shoctagon, layout_gridlike, hangedman_abyss_entry_splay,
          rand_demon_pan_entry_3, hell_entry, minmay_misc_feat_doors,
          nicolae_diode_stairs, minmay_shop_star, uniq_vv
Depths:3: minmay_guarded_unrand_guard, layout_cave_shapes, serial_shops,
          nicolae_shop_advertising_works [nicolae_subvault_shop_adworks],
          abyss_entry_flame_altar, hell_entry, uniq_jory
Depths:4: grunt_zot_entry_funnels, layout_cave_shapes, hell_entry,
          nrook_mini_backslash, horrible_house_mu, uniq_boris
Zot:1:    layout_concentric_octagons, grunt_megastairs_2
Zot:2:    kennysheep_room_grid, layout_basic, grunt_megastairs_5
Zot:3:    layout_onion_interference, lemuel_elevator, uniq_tiamat
Zot:4:    layout_misc_corridors
Zot:5:    layout_twisted_circle

Skill      XL: |  1  2  3  4  5  6  7  8  9 10 11 12 13 14 15 16 17 18 19 20 21 22 23 24 25 26 27 |
---------------+----------------------------------------------------------------------------------+-----
Fighting       | 2 3 4 5 7 9 10 12 15 17 18 19 20 27 | 27.0
Dodging        | 3 4 6 7 8 10 14 15 23 | 23.4
Unarmed Combat | 4 6 7 9 10 12 13 15 17 21 23 25 27 | 27.0
Transmutations | 4 5 6 9 11 12 13 16 | 16.0
Stealth        | 3 4 5 |  5.8
Spellcasting   | 4 6 8 10 | 10.0
Poison Magic   | 3 |  3.0
Ice Magic      | 3 5 9 11 | 11.0
Evocations     | 5 10 | 10.0
Earth Magic    | 3 9 12 13 | 13.0
Summonings     | 13 18 22 24 | 24.0
Shields        | 27 | 27.0

Action                   |  1- 3 |  4- 6 |  7- 9 | 10-12 | 13-15 | 16-18 | 19-21 | 22-24 | 25-27 || total
-------------------------+-------+-------+-------+-------+-------+-------+-------+-------+-------++-------
Melee: Unarmed           |    52 |   172 |   333 |   737 |  1117 |   661 |   929 |  1095 |  3016 ||  8112
       Tentacles         |    16 |    43 |    96 |    25 |   183 |   217 |   297 |   374 |   882 ||  2133
       Constrict         |    17 |    53 |    62 |    19 |    93 |   112 |   136 |   200 |   513 ||  1205
       Kick              |     6 |    37 |   110 |    16 |       |       |       |       |       ||   169
       Punch             |     4 |     5 |    16 |     2 |    69 |    89 |   158 |   258 |   698 ||  1299
Throw: Dart              |       |       |     1 |    14 |     2 |       |     1 |     3 |       ||    21
       Throwing net      |       |       |     1 |       |       |       |       |       |       ||     1
 Cast: Beastly Appendage |     3 |    19 |    31 |    14 |     3 |       |       |       |       ||    70
       Wereblood         |       |     2 |    14 |     6 |     2 |     1 |       |       |       ||    25
       Spider Form       |       |       |       |    49 |       |       |       |       |       ||    49
       Ice Form          |       |       |       |    23 |    39 |       |     1 |       |       ||    63
       Ozocubu's Armour  |       |       |       |     5 |    10 |     1 |       |       |       ||    16
       Statue Form       |       |       |       |       |    57 |    71 |    85 |   117 |   189 ||   519
       Alistair's Intoxi |       |       |       |       |       |       |     4 |       |       ||     4
       Dragon Form       |       |       |       |       |       |       |       |     2 |       ||     2
       Dragon's Call     |       |       |       |       |       |       |       |       |    56 ||    56
       Summon Hydra      |       |       |       |       |       |       |       |       |     7 ||     7
Invok: Lunge             |       |       |       |    32 |    40 |    45 |    49 |   118 |   285 ||   569
       Whirlwind         |       |       |       |     7 |    61 |    22 |    44 |   134 |   969 ||  1237
       Heavenly Storm    |       |       |       |       |       |       |     1 |     5 |    18 ||    24
       Serpent's Lash    |       |       |       |       |       |       |     2 |     1 |     1 ||     4
 Abil: End Transformatio |       |       |       |       |     6 |       |     2 |       |       ||     8
       Wall Jump         |       |       |       |       |       |       |       |       |     1 ||     1
Evoke: Wand              |       |       |       |    11 |    11 |       |     1 |       |       ||    23
       Box of beasts     |       |       |       |       |       |     1 |       |     1 |       ||     2
       Tin of tremorston |       |       |       |       |       |       |     2 |     1 |     6 ||     9
       Phantom mirror    |       |       |       |       |       |       |       |     1 |     4 ||     5
  Use: Scroll            |       |    11 |     4 |    12 |     5 |     4 |     3 |     3 |    25 ||    67
       Potion            |       |       |     4 |     5 |     2 |     2 |     2 |     2 |    57 ||    74
 Stab: Sleeping          |     8 |    10 |    11 |     6 |     6 |    10 |    12 |    18 |    15 ||    96
       Invisible         |       |       |       |     2 |       |       |       |       |    15 ||    17
       Distracted        |       |       |       |     1 |       |     5 |     2 |     2 |    63 ||    73
       Held in net/web   |       |       |       |     2 |       |       |       |       |       ||     2
       Confused          |       |       |       |       |       |       |       |       |     1 ||     1
Armor: Skin              |     6 |    25 |    42 |    37 |   287 |   241 |   276 |   263 |   487 ||  1664
Dodge: Dodged            |    30 |    91 |   174 |   598 |  1460 |   848 |   900 |   996 |  2532 ||  7629
Block: Other             |       |     8 |    64 |   126 |   297 |   161 |   167 |   161 |   279 ||  1263
       Reflection        |       |       |       |     7 |    11 |    28 |    21 |    19 |   106 ||   192
       Tower shield      |       |       |       |       |       |       |       |       |  1194 ||  1194
